 Dungeon Crawl Stone Soup version 0.31.0-11-ge490571c62 (webtiles) character file.

Game seed: 13734670986812252078

79 Arctor the Magician (level 4, -3/24 HPs)
             Began as a Deep Elf Fire Elementalist on Feb 2, 2024.
             Killed from afar by an orc wizard (7 damage)
             ... with a magic dart
             ... on level 2 of the Dungeon.
             The game lasted 00:02:45 (3635 turns).

Arctor the Magician (Deep Elf Fire Elementalist)    Turns: 3635, Time: 00:02:46

Health: -3/24      AC:  2    Str:  5    XL:     4   Next: 16%
Magic:  1/11       EV: 13    Int: 22    God:
Gold:   96         SH:  0    Dex: 15    Spells: 1/10 levels left

rFire   . . .        (no weapon)
rCold   . . .        e - orb {mayhem}
rNeg    . . .        a - +0 robe
rPois   .            (no helmet)
rElec   .            (no cloak)
rCorr   .            (no gloves)
SInv    .            (no boots)
Will    .....        (no amulet)
Stlth   +            (no ring)
HPRegen 0.24/turn    (no ring)
MPRegen 0.12/turn

%: mayhem
@: confused, hasted, very quick
A: no striking features
a: no special abilities


You were on level 2 of the Dungeon.
You visited 1 branch of the dungeon, and saw 3 of its levels.

You collected 96 gold pieces.

Inventory:

Armour
 a - a +0 robe (worn)
 e - an orb of mayhem (worn)
Scrolls
 c - 2 scrolls of revelation {unknown}
 h - a scroll of noise {unknown}
 i - a scroll of identify {unknown}
 j - a scroll of amnesia {unknown}
 l - a scroll of silence {unknown}
 m - a scroll of poison {unknown}
 o - a scroll of immolation {unknown}
Potions
 b - a potion of magic
 d - 2 potions of haste
 f - a potion of cancellation {unknown}
 g - a potion of degeneration {unknown}
 k - a potion of might {unknown}
 n - a potion of mutation {unknown}


   Skills:
 + Level 3.2 Dodging
 + Level 3.3 Stealth
 + Level 3.9 Spellcasting
 + Level 2.1 Conjurations
 + Level 3.8 Fire Magic


You had one spell level left.
You knew the following spells:

 Your Spells              Type           Power      Damage    Failure   Level
a - Foxfire               Conj/Fire      68%        2x1d7     3%          1
b - Scorch                Fire           42%        2d6       3%          2
c - Inner Flame           Hex/Fire       12%        N/A       16%         3
d - Dazzling Flash        Conj/Hex       16%        N/A       22%         3

Your spell library contained the following spells:

 Spells                   Type           Power      Damage    Failure   Level
 Volatile Blastmotes      Fire/Tloc      24%        2d12      16%         3
 Mephitic Cloud           Conj/Alch/Air  7%         N/A       26%         3
 Flame Wave               Conj/Fire      17%        2d7       32%         4
 Curse of Agony           Necr           4%         N/A       97%         5
 Silence                  Hex/Air        2%         N/A       97%         5


Dungeon Overview and Level Annotations

Branches:
Dungeon (3/15)

Altars:
Trog
Xom


Message History

You don't have enough magic to cast this spell.
The orc wizard closely misses you.
You hit the orc wizard but do no damage.
The orc wizard hits you with a +0 dagger.
Casting: Foxfire (safe; 3% risk of failure)
Confirm with . or Enter, or press ? or * to list all spells.
You conjure some foxfire!
The orc wizard misses you.
You closely miss the orc wizard.
The foxfire hits the orc wizard.
The orc wizard is lightly wounded.
The foxfire hits the orc wizard but does no damage.
The orc wizard is lightly wounded.
The orc wizard hits you with a +0 dagger.
You hit the orc wizard but do no damage.
The orc wizard is lightly wounded.
The orc wizard closely misses you.
You hit the orc wizard but do no damage.
The orc wizard is lightly wounded.
The orc wizard casts a spell.
The orc wizard flickers and vanishes!
Deactivating autopickup; reactivate with Ctrl-A.
You miss something. Something hits you but does no damage.
You miss something. Something hits you.
You miss something.
You hear some strange, mumbled words.
A magic dart appears from out of thin air!
The magic dart hits you.
* * * LOW HITPOINT WARNING * * *
You hit something but do no damage.
You hear some strange, mumbled words.
You are confused.
You're too confused to cast spells.
Sorry, you're not good enough to have a special ability.
It was a potion of haste.
You feel yourself speed up. Something hits you.
* * * LOW HITPOINT WARNING * * *
You bump into the rock wall.
You bump into the rock wall.
You hear some strange, mumbled words.
A magic dart appears from out of thin air!
The magic dart hits you!
You die...

#[.#.#.##...##.#.##.# #.........
#..#.#.##......#....#####..#.#..#
...#.#.##..######................
...#.#.#............#####..#.#..#
...#.#.#...#####....# #..#.#..#
...#.#(##..# #....#####..#.#..#
...#.#.....# #...........#.#..#
........##.# #.>#.#####.>#.#..#
#..#.......# #@{#........#.#..#
#.#....##### #..######.....#..#
.....#.##########รท### ####)##..#
#.#..#..............# #.....#
..#..#.##########.### ####..#
###.##.### #.# ##.# .........#
#.# #.. #......#.# #.# ###
########.# #.#


There were no monsters in sight!

Vanquished Creatures
  An adder (D:3)
  2 ribbon worms
  2 orcs (D:3)
  6 endoplasms (D:2)
  3 giant cockroaches
  5 goblins
  4 hobgoblins
  5 jackals
  4 kobolds
  3 quokkas
  7 ball pythons
  5 bats
  4 frilled lizards
  8 rats
59 creatures vanquished.

Vanquished Creatures (others)
  292 foxfires
292 creatures vanquished.

Grand Total: 351 creatures vanquished

Notes
Turn   | Place    | Note
-------+----------+-------------------------------------------
     0 | D:1      | Arctor the Deep Elf Fire Elementalist began the quest for
                  | the Orb.
     0 | D:1      | Reached XP level 1. HP: 10/10 MP: 6/6
   366 | D:1      | Reached XP level 2. HP: 15/15 MP: 2/8
   369 | D:1      | Learned a level 2 spell: Scorch
   652 | D:1      | Found a faded altar of an unknown god.
  1710 | D:2      | Reached XP level 3. HP: 19/19 MP: 5/9
  2077 | D:2      | Found a bloodstained altar of Trog.
  3338 | D:3      | Learned a level 3 spell: Inner Flame
  3342 | D:3      | Learned a level 3 spell: Dazzling Flash
  3461 | D:3      | Found a shimmering altar of Xom.
  3472 | D:3      | Found a shimmering altar of Xom.
  3485 | D:3      | Reached XP level 4. HP: 24/24 MP: 8/11
  3635 | D:2      | Killed from afar by an orc wizard

Illustrated notes

Levels and vault maps discovered:
D:1:      pf_arrival_petrified_forest, layout_basic,
          hellmonk_ecumenical_altar_zigzags
D:2:      minmay_chambers_of_twos, layout_basic, basic_altar
D:3:      layout_loops_corners, xom_redecorated, hellmonk_ghost_happy_afterlife

Skill      XL: |  1  2  3 |
---------------+----------+-----
Stealth        | 3 |  3.3
Dodging        | 3 |  3.2
Conjurations   | 2 |  2.1
Spellcasting   | |  3.9
Fire Magic     | |  3.8

Action                     |  1- 3 |  4- 6 || total
---------------------------+-------+-------++-------
  Melee: Unarmed           |     6 |     8 ||    14
   Cast: Foxfire           |   177 |    17 ||   194
         Scorch            |     6 |     4 ||    10
    Use: Potion            |       |     1 ||     1
 Armour: Robe              |    12 |    10 ||    22
  Dodge: Dodged            |    11 |     3 ||    14
